cohdb
Replays
Latest Replays
All Replays
Popular Replays
Top Player Replays
Match Explorer
How It Works
Community
CoH3 Stats
Reddit
Sign in to upload your games and track your stats! →
Sign in with Steam
Match 44848299
Unlisted
Match 44848299
Overview
Messages
Build Orders
End
Selects Italian Coastal Battlegroup
Kettenkrad Recon Vehicle
Selects Coastal Reserves
Coastal Reserve
Construct Infanterie Kompanie
MG 42 Machine Gun Team
Coastal Reserve
Coastal Reserve
Medical Station
GrW 34 Mortar Team
Construct Panzergrenadier Kompanie
Support Elements
Nebelwerfer 42 Rocket Launcher Team
Pak 40 Anti-tank Gun Team
Selects Artillery Officer
Selects Designate Defensive Line
Selects Designated Artillery Overwatch
MG 42 Bunker
StuG III G Assault Gun
Panzergrenadier Squad
MG 42 Machine Gun Team
Selects Call the Reserves!
Selects Bulwark
StuG III G Assault Gun
Nebelwerfer 42 Rocket Launcher Team
MG 42 Bunker
MG 42 Bunker
Medical Bunker
Construct Panzer Kompanie
Panzer IV Medium Tank
Repair Bunker
Panzergrenadier Squad
schartra
Kleerex
Sirene
Genki
0
0
Comments
sign in to comment!
No comments posted yet!